 Dungeon Crawl Stone Soup version 0.29.1-15-g9cfb28693d (webtiles) character file.

Game seed: 12343777871769056931

6 Mune the Stinger (level 1, 0/15 HPs)
             Began as a Naga Venom Mage on Mar 12, 2023.
             Killed from afar by a dart slug (5 damage)
             ... with a slug dart
             ... on level 1 of the Dungeon.
             The game lasted 00:01:02 (327 turns).

Mune the Stinger (Naga Venom Mage)                   Turns: 327, Time: 00:01:03

Health: 0/15       AC:  1    Str: 10    XL:     1   Next: 90%
Magic:  1/3        EV:  9    Int: 15    God:
Gold:   3          SH:  0    Dex: 11    Spells: 3/4 levels left

rFire   . . .      SeeInvis +   (no weapon)
rCold   . . .      Faith    .   (no shield)
rNeg    . . .      Spirit   .   a - +0 robe
rPois   +          Reflect  .   (no helmet)
rElec   .          Harm     .   (no cloak)
rCorr   .          Rampage  .   (no gloves)
Will    .....                   (no barding)
Stlth   ++........              (no amulet)
HPRegen 0.05/turn               (no ring)
MPRegen 0.08/turn               (no ring)

@: very slow
A: AC +0, large, see invisible, deformed body, poison resistance, slowness 2,
spit poison 1, naga tail 1
a: Spit Poison


You were on level 1 of the Dungeon.
You visited 1 branch of the dungeon, and saw 1 of its levels.

You collected 3 gold pieces.

Inventory:

Armour
 a - a +0 robe (worn)
Scrolls
 c - a scroll of butterflies {unknown}
Potions
 b - a potion of magic
 d - a potion of resistance {unknown}
 e - a potion of ambrosia {unknown}


   Skills:
 + Level 1.6 Dodging
 + Level 3.2 Stealth
 + Level 2.1 Spellcasting
 + Level 1.1 Transmutations
 + Level 4.1 Poison Magic


You had 3 spell levels left.
You knew the following spells:

 Your Spells              Type           Power      Damage    Failure   Level
a - Sting                 Tmut/Pois      36%        1d4       8%          1

Your spell library contained the following spells:

 Spells                   Type           Power      Damage    Failure   Level
 Poisonous Vapours        Pois/Air       14%        N/A       14%         2
 Mephitic Cloud           Conj/Pois/Air  5%         N/A       36%         3
 Olgreb's Toxic Radiance  Pois           14%        N/A       36%         4


Dungeon Overview and Level Annotations

Branches:
Dungeon (1/15)

Altars:


Innate Abilities, Weirdness & Mutations

Your serpentine skin is tough. (AC +0)
You have supernaturally acute eyesight. (SInv)
Armour fits poorly on your strangely shaped body.
Your system is resistant to poisons. (rPois)
You cover ground very slowly.
You can spit poison.
You have a snake-like lower body.


Message History

You kill the ball python!
You have got your breath back.
You see here a ball python corpse.
A kobold comes into view. It is wielding a +0 dagger.
An endoplasm comes into view.
Found a stone staircase leading down.
The kobold shouts!
You hear an angry hiss.
The endoplasm quivers.
The kobold throws a stone.
The stone closely misses you.
You hear a shout!
The sting misses the kobold.
You hear a shout!
The sting hits the kobold.
The kobold is poisoned.
You kill the kobold!
The sting hits the endoplasm.
The endoplasm partially resists.
The endoplasm is poisoned.
The endoplasm is lightly wounded.
You are out of magic!
Aiming: Spit Poison (3% risk of failure)
Press: ? - help, Shift-Dir - straight line, f/p - endoplasm
Aim: an endoplasm (moderately wounded, poisoned, 96% to hit)
The splash of poison hits the endoplasm.
The endoplasm is severely wounded.
The endoplasm freezes you.
You are frozen.
You can't do that yet.
You hit the endoplasm but do no damage.
The endoplasm is severely wounded.
The endoplasm hits you.
You hit the endoplasm.
You kill the endoplasm!
A dart slug comes into view.
You have got your breath back.
A ball python comes into view.
A hobgoblin comes into view.
The dart slug launches a dart at you. The slug dart hits you.
You see here 2 poisoned darts.
The dart slug launches a dart at you. The slug dart hits you.
You die...

### .... .g##...#
#......# #.)##..#
#......#
#######w.#..# #
#.....#.....#.#
###'##..(..#.##.#
#..###.@..##....#
###'#+###.#.##..###
#<..#.....#.....#
..###+#+#......#.##
..# ###.##.#.#
..####+#...##.#.#
...##...####.#†#
###..###.#....#.#
###.....#....# #.#


You could see a dart slug.

Vanquished Creatures
  A ball python (D:1)
  An endoplasm (D:1)
  3 kobolds (D:1)
  A frilled lizard (D:1)
6 creatures vanquished.

Notes
Turn   | Place    | Note
-------+----------+-------------------------------------------
     0 | D:1      | Mune the Naga Venom Mage began the quest for the Orb.
     0 | D:1      | Reached XP level 1. HP: 15/15 MP: 3/3
   327 | D:1      | Killed from afar by a dart slug

Illustrated notes

Levels and vault maps discovered:
D:1:      erik_arrival_triangle_small, layout_basic

Action                   || total
-------------------------++-------
Melee: Unarmed           ||     7
 Cast: Sting             ||    11
 Abil: Spit Poison       ||     5
Dodge: Dodged            ||    10
